 Dungeon Crawl Stone Soup version 0.27.1-2-g3b301248ec (webtiles) character file.

Game seed: 8313746184196692388

518 barney the Changer (level 7, 52/52 HPs)
             Began as a Yellow Draconian Transmuter on Oct 2, 2021.
             Was an Initiate of Vehumet.
             Quit the game on level 5 of the Dungeon.
             The game lasted 00:04:32 (6433 turns).

barney the Changer (Yellow Draconian Transmuter)    Turns: 6433, Time: 00:04:32

Health: 52/52      AC:  7    Str: 12    XL:     7   Next: 1%
Magic:  10/10      EV: 12    Int: 15    God:    Vehumet [......]
Gold:   175        SH:  0    Dex: 12    Spells: 3/10 levels left

rFire    . . .     SeeInvis .   i - +1 dagger (venom)
rCold    . . .     Faith    .   (no shield)
rNeg     . . .     Spirit   .   (armour unavailable)
rPois    .         Reflect  .   (helmet restricted)
rElec    .         Harm     .   (no cloak)
rCorr    +         Rampage  .   (no gloves)
Will     .....                  m - +0 pair of boots
Stlth    +.........             (no amulet)
HPRegen  0.17/turn              (no ring)
MPRegen  0.12/turn              (no ring)

@: short of breath
A: spit acid, AC +6, unfitting armour, cold-blooded, acid resistance
a: Breathe Acid, Renounce Religion


You were on level 5 of the Dungeon.
You worshipped Vehumet.
Vehumet was noncommittal.
You visited 1 branch of the dungeon, and saw 5 of its levels.

You collected 175 gold pieces.

Inventory:

Hand Weapons
 c - a +2 dagger of freezing
 i - a +1 dagger of venom (weapon)
Armour
 m - a +0 pair of boots (worn)
Scrolls
 d - a scroll of silence {unknown}
 e - 2 scrolls of identify {unknown}
 g - a scroll of enchant armour {unknown}
 h - a scroll of summoning {unknown}
 j - a scroll of fear {unknown}
 l - a scroll of enchant weapon {unknown}
Potions
 a - a potion of degeneration {unknown}
 b - a potion of mutation {unknown}
 f - a potion of brilliance {unknown}
 k - a potion of invisibility {unknown}
 n - a potion of heal wounds


   Skills:
 - Level 1.1 Fighting
 - Level 1.7 Dodging
 - Level 3.0 Unarmed Combat
 - Level 2.0 Spellcasting
 + Level 7.7 Transmutations


You had 3 spell levels left.
You knew the following spells:

 Your Spells              Type           Power      Damage    Failure   Level
a - Beastly Appendage     Tmut           48%        N/A       1%          1
b - Spider Form           Tmut/Pois      6%         N/A       14%         3
c - Wereblood             Tmut           24%        N/A       1%          2
d - Apportation           Tloc           2%         N/A       22%         1

Your spell library contained the following spells:

 Spells                   Type           Power      Damage    Failure   Level
 Ensorcelled Hibernation  Hex/Ice        2%         N/A       32%         2
 Ice Form                 Ice/Tmut       13%        N/A       41%         4
 Alistair's Intoxication  Tmut/Pois      8%         N/A       77%         5
 Invisibility             Hex            0%         N/A       100%        6
 Shadow Creatures         Summ           N/A        N/A       100%        6


Dungeon Overview and Level Annotations

Branches:
Dungeon (5/15)
 Temple: D:4-7

Altars:
Cheibriados
Okawaru
Vehumet
The Shining One

Shops:
D:3 (


Innate Abilities, Weirdness & Mutations

You can spit globs of acid.
Your golden yellow scales are hard. (AC +6)
You cannot fit into any form of body armour.
You are cold-blooded and may be slowed by cold attacks.
You are resistant to acid. (rCorr)


Message History

You are no longer poisoned.
The orc misses you.
You hit the orc.
You feel a bit better.
You kill the orc!
Vehumet accepts your kill.
Found a chain mail.
You howl as the wereblood boils in your veins!
Things that are here:
a +0 club; a +0 ring mail; an orc corpse You start resting.
You howl as the wereblood boils in your veins!
You start resting.
You howl as the wereblood boils in your veins!
You start resting.
You howl as the wereblood boils in your veins!
You howl as the wereblood boils in your veins!
You howl as the wereblood boils in your veins!
You howl as the wereblood boils in your veins!
Your transformation is almost over.
Magic restored.
You howl as the wereblood boils in your veins!
Your primal bloodlust is almost over.
Your horns disappear.
Your talons disappear.
Your +0 pair of boots unmelds from your body.
You howl as the wereblood boils in your veins!
Your primal bloodlust has ended.
HP restored.
You now have 175 gold pieces (gained 5).
A dart slug comes into view.
A dart slug is nearby!
The dart slug barely misses you.
A dart slug is nearby!
You completely miss the dart slug. The dart slug completely misses you.
Press: ? - help, Shift-Dir - straight line, f - dart slug
Aim: a dart slug You spit a glob of acid.
The glob of acid hits the dart slug!
The dart slug is splashed with acid.
You kill the dart slug!
Vehumet accepts your kill.
Are you sure you want to abandon this character and quit the game? (Confirm with "yes".)

#.# ...#.#.#
#.##.#.# #.##.#.#.
#.##.#.#.###
#.##.#.# ..#
#.##.#.###†#
#######.##.#.#<#@#
.................#
#...###.#....#...#
#...###.####.#...#
+....).......#...#
#...###.####.#...#
#.. #.#....#....
#. #.#.#..#..### #
#.#.#..#..#


There were no monsters in sight!

Vanquished Creatures
  An ogre (D:4)
  A water moccasin skeleton (D:5)
  2 hounds
  An orc priest (D:3)
  A jelly (D:4)
  Ijyb (D:3)
  Jessica (D:3)
  An iguana (D:3)
  An orc wizard (D:3)
  2 hound skeletons (D:4)
  A gnoll (D:1)
  6 adders
  An ufetubus (D:4)
  2 worms
  A dart slug (D:5)
  7 orcs
  A ball python (D:1)
  6 endoplasms
  2 giant cockroaches
  7 goblins
  3 hobgoblins
  7 kobolds
  2 quokkas
  3 bats
  4 frilled lizards
  3 rats (D:1)
68 creatures vanquished.

Vanquished Creatures (others)
  An adder (D:2)
1 creature vanquished.

Grand Total: 69 creatures vanquished

Notes
Turn   | Place    | Note
-------+----------+-------------------------------------------
     0 | D:1      | barney the Draconian Transmuter began the quest for the
                  | Orb.
     0 | D:1      | Reached XP level 1. HP: 16/16 MP: 3/3
   539 | D:1      | Reached XP level 2. HP: 9/23 MP: 3/5
   812 | D:1      | Reached skill level 3 in Transmutations
  1237 | D:1      | Reached XP level 3. HP: 26/28 MP: 4/6
  1246 | D:1      | Learned a level 3 spell: Spider Form
  1249 | D:1      | Learned a level 2 spell: Wereblood
  2069 | D:2      | Reached skill level 4 in Transmutations
  2471 | D:2      | Reached XP level 4. HP: 35/35 MP: 5/7
  3211 | D:3      | Noticed Jessica
  3223 | D:3      | Killed Jessica
  3224 | D:3      | Reached skill level 5 in Transmutations
  3508 | D:3      | Noticed Ijyb
  3515 | D:3      | Paralysed by Ijyb for 6 turns
  3523 | D:3      | Killed Ijyb
  3524 | D:3      | Reached XP level 5. HP: 32/40 MP: 8/8
  3809 | D:3      | Learned a level 1 spell: Apportation
  3954 | D:3      | Reached skill level 6 in Transmutations
  4139 | D:3      | Found Takakhla's Antique Weapon Emporium.
  4734 | D:4      | Found a radiant altar of Vehumet.
  4734 | D:4      | Found a glowing golden altar of the Shining One.
  4734 | D:4      | Found an iron altar of Okawaru.
  4748 | D:4      | Became a worshipper of Vehumet
  5020 | D:4      | Reached XP level 6. HP: 31/47 MP: 7/9
  5495 | D:4      | Reached skill level 7 in Transmutations
  5845 | D:4      | Found a snail-covered altar of Cheibriados.
  5932 | D:5      | Entered Level 5 of the Dungeon
  6346 | D:5      | Your scales start taking on a golden yellow colour.
  6346 | D:5      | Reached XP level 7. HP: 51/52 MP: 7/10
  6346 | D:5      | Gained mutation: You are resistant to acid. (rCorr) [Yellow
                  | Draconian growth]
  6433 | D:5      | Quit the game

Illustrated notes

Levels and vault maps discovered:
D:1:      shiori_shiawase, layout_basic, corexii_item_surrounded_by_moat
D:2:      layout_basic, lemuel_another_geyser
D:3:      layout_basic, serial_shops, shop, uniq_jessica, uniq_ijyb
D:4:      cheibrodos_quashed, layout_basic, marbit_many_paths,
          gammafunk_temple_overflow_forgotten
D:5:      layout_basic

Skill      XL: |  1  2  3  4  5  6 |
---------------+-------------------+-----
Transmutations | 3 4 5 6 7 |  7.7
Fighting       | |  1.1
Dodging        | |  1.7
Unarmed Combat | |  3.0
Spellcasting   | |  2.0

Action                   |  1- 3 |  4- 6 |  7- 9 || total
-------------------------+-------+-------+-------++-------
Melee: Unarmed           |    50 |    27 |       ||    77
       Kick              |    14 |    20 |     1 ||    35
       Headbutt          |     7 |    15 |       ||    22
       Tailslap          |     3 |    14 |       ||    17
       Dagger            |    43 |   108 |     6 ||   157
       Punch             |       |     1 |       ||     1
 Cast: Beastly Appendage |    24 |    21 |       ||    45
       Spider Form       |       |     4 |       ||     4
       Wereblood         |       |     3 |       ||     3
 Abil: Breathe Acid      |       |       |     1 ||     1
  Use: Scroll            |       |     1 |       ||     1
       Potion            |       |     1 |       ||     1
 Stab: Sleeping          |     1 |     1 |       ||     2
Armor: Skin              |    21 |    28 |       ||    49
Dodge: Dodged            |    52 |    88 |     4 ||   144
